Map: Submarine LE

Players

llllllllllll

  • Race: Protoss Protoss
  • Spawn Location: 11:00

RyuKey - Winner!

  • Race: Zerg Zerg
  • League: Diamond
  • Spawn Location: 5:00

VOD

Have the link to the VOD?

Description

Time

  • Played on: June 13, 2020, 12:53 p.m.
  • Length: 11:06
Show
View Real Time Build Order
Export as new Build Order

llllllllllll Protoss 

Build Orders: 1 Gate Expand, Oracle Opening 

Get SALT Encoding   

  12  0:03  Probe  
  13  0:15  Probe  
  14  0:21  Pylon  
  14  0:28  Probe  
  15  0:40  Gateway  
  15  0:42  Probe  
  16  0:46  Assimilator  
  16  0:56  Probe  
  17  1:16  Probe  
  18  1:21  Nexus  
  18  1:33  Probe  
  19  1:41  Cybernetics Core  
  19  1:45  Pylon  
  19  1:49  Probe  
  19  1:53  Assimilator  
  20  2:00  Warp Gate  
  20  2:02  Pylon  
  20  2:06  Probe  
  21  2:13  Gateway  
  21  2:22  Probe, Adept  
  24  2:37  Probe  
  24  2:38  Probe  
  26  2:46  Probe  
  26  2:49  Probe  
  26  2:51  Stargate  
  28  3:02  Adept x2  
  28  3:04  Probe  
  32  3:09  Probe  
  32  3:12  Probe  
  35  3:20  Probe  
  35  3:21  Probe  
  37  3:30  Forge  
  37  3:32  Probe  
  37  3:34  Probe  
  39  3:44  Oracle, Probe  
  39  3:46  Probe  
  44  3:57  Protoss Ground Weapons Level 1  
  44  4:00  Probe  
  44  4:02  Probe  
  46  4:05  Assimilator  
  46  4:08  Probe  
  46  4:10  Assimilator  
  46  4:14  Probe  
  46  4:16  Pylon  
  48  4:21  Oracle  
  51  4:30  Probe  
  51  4:31  Nexus, Probe  
  53  4:38  Stargate  
  53  4:42  Probe  
  54  4:51  Probe  
  55  4:54  Probe  
  55  4:55  Adept  
  55  4:56  Adept  
  60  5:06  Probe  
  61  5:09  Pylon  
  61  5:26  Phoenix, Probe  
  64  5:30  Pylon  
  64  5:37  Twilight Council  
  64  5:42  Pylon  
  64  5:44  Gateway  
  64  5:46  Gateway  
  64  5:50  Gateway  
  64  5:57  Forge  
  64  5:59  Adept x2  
  64  6:04  Probe x2  
  70  6:05  Probe  
  71  6:17  Probe x3  
  74  6:20  Protoss Ground Armor Level 1  
  74  6:22  Protoss Ground Weapons Level 2  
  74  6:25  Blink  
  74  6:29  Probe x2  
  76  6:41  Pylon, Phoenix x2  
  74  7:04  Adept x2  
  74  7:05  Adept x3  
  76  7:13  Probe x3  
  79  7:17  Pylon  
  79  7:19  Pylon  
  79  7:21  Dark Shrine  
  79  7:25  Probe x3  
  79  7:27  Nexus  
  79  7:28  Pylon  
  82  7:32  Assimilator  
  82  7:35  Assimilator  
  82  7:45  Gateway  
  82  7:46  Gateway  
  82  7:48  Probe  
  82  7:49  Probe, Gateway  
  82  7:50  Adept x4  
  82  7:51  Gateway, Adept  
  94  7:57  Pylon  
  94  8:30  Adept x4  
  94  8:31  Adept  
  104  8:39  Probe  
  104  8:40  Probe  
  106  8:44  Probe x2  
  106  8:48  Gateway  
  108  8:53  Dark Templar x5  
  108  8:54  Dark Templar x2  
  108  8:55  Dark Templar x2  
  124  9:11  Pylon  
  78  9:54  Adept x2  
  78  9:55  Dark Templar x3  
  78  9:56  Dark Templar  
  78  9:57  Adept x3  
  94  10:01  Gateway  
  94  10:03  Archon  
  94  10:04  Archon x2  
  90  10:09  Adept  
  78  10:26  Dark Templar x2  
  78  10:27  Dark Templar x3  
  76  10:55  Robotics Facility  
Show
View Real Time Build Order
Export as new Build Order

RyuKey Zerg - Winner!

Build Orders: Hatch First, Lurkers 

Get SALT Encoding   

  12  0:01  Drone  
  13  0:12  Overlord  
  13  0:20  Drone  
  14  0:31  Drone x2  
  16  0:51  Hatchery  
  16  0:54  Drone  
  16  0:57  Drone  
  16  1:02  Drone  
  18  1:13  Extractor  
  18  1:16  Spawning Pool  
  16  1:19  Drone  
  16  1:22  Drone  
  18  1:29  Drone  
  19  1:40  Drone  
  20  1:58  Overlord  
  20  2:04  Queen x2  
  20  2:07  Drone x2  
  26  2:13  Zergling x2  
  27  2:21  Metabolic Boost  
  27  2:24  Drone x2  
  29  2:39  Queen, Drone x2  
  29  2:40  Queen  
  36  2:58  Drone  
  36  3:00  Overlord x2  
  36  3:20  Drone x6  
  36  3:21  Drone  
  43  3:27  Hatchery  
  42  3:43  Drone x6  
  48  3:49  Extractor  
  48  3:50  Extractor  
  48  3:51  Extractor  
  45  4:03  Drone x3  
  45  4:05  Lair  
  48  4:13  Spore Crawler  
  47  4:21  Drone x5  
  47  4:22  Spore Crawler  
  51  4:24  Overlord  
  51  4:25  Overlord x3  
  51  4:39  Spore Crawler  
  50  4:57  Queen  
  50  4:59  Drone x9  
  61  5:04  Hydralisk Den  
  60  5:08  Evolution Chamber  
  60  5:14  Evolution Chamber  
  58  5:15  Spore Crawler  
  58  5:19  Spine Crawler, Drone x3  
  58  5:20  Drone x2  
  61  5:22  Drone  
  61  5:34  Spine Crawler  
  60  5:36  Spine Crawler  
  60  5:37  Hydralisk x3  
  65  5:50  Hydralisk x4  
  73  6:04  Hydralisk x5  
  73  6:08  Zerg Missile Weapons Level 1  
  83  6:16  Overlord x2  
  83  6:24  Lurker Den, Zerg Ground Armor Level 1  
  82  6:28  Overlord x2  
  82  6:37  Drone  
  82  6:38  Drone  
  84  6:43  Hydralisk x3  
  84  6:44  Hydralisk x2  
  89  7:04  Drone x11  
  89  7:05  Drone  
  99  7:32  Hatchery  
  99  7:34  Extractor x2  
  96  7:37  Muscular Augments  
  96  7:45  Drone x3  
  96  7:46  Infestation Pit  
  96  7:47  Drone x2  
  96  7:50  Drone x6  
  106  7:54  Overlord x4  
  106  8:13  Pneumatized Carapace  
  106  8:15  Overlord x2  
  106  8:26  Zerg Missile Weapons Level 2, Zerg Ground Armor Level 2  
  106  8:46  Queen, Spore Crawler  
  106  8:47  Drone x14, Spore Crawler  
  120  8:48  Grooved Spines  
  120  8:49  Extractor  
  120  8:52  Spore Crawler  
  120  8:53  Extractor  
  117  9:08  Overseer x3  
  117  9:09  Overseer  
  111  9:10  Hydralisk  
  111  9:11  Hydralisk x12  
  137  9:20  Spine Crawler  
  136  9:26  Hydralisk  
  130  9:38  Hydralisk  
  120  9:46  Hydralisk x11  
  138  10:06  Lurker x2  
  140  10:07  Lurker  
  140  10:08  Lurker  
  138  10:15  Hydralisk  
  138  10:16  Hydralisk x6  
  140  10:34  Overseer  
  140  10:36  Overseer x2  
  130  10:43  Overlord x7  
Tags
 
Add a new tag
Caveats
  • Supply blocks, unpowered buildings, or Contaminate may cause inaccurate times.
  • Supply counts are checked every 10 seconds.